 Dungeon Sprint DCSS version 0.25-a0-589-g1e14c54 (webtiles) character file.

Game seed: 10080462111848690277, levelgen mode: deterministic

147048392 Faca the Conqueror (level 25, 234/234 HPs)
             Began as a Formicid Hunter on Mar 9, 2020.
             Was the Champion of Okawaru.
             Escaped with the Orb
             ... and 17 runes!
             The game lasted 00:55:58 (12384 turns).

Faca the Conqueror (Formicid Hunter)               Turns: 12384, Time: 00:55:59

Health: 234/234    AC: 49    Str: 34    XL:     25   Next: 55%
Magic:  54/54      EV: 26    Int: 16    God:    Okawaru [******]
Gold:   1596       SH: 35    Dex: 18    Spells: 78/78 levels left

rFire    + + .     SeeInvis +   D - +9 executioner's axe (freeze)
rCold    + . .     Gourm    .   k - +0 tower shield {rN+}
rNeg     + . .     Faith    .   G - +9 gold dragon scales
rPois    +         Spirit   .   (helmet unavailable)
rElec    .         Reflect  +   E - +2 cloak {MR+}
rCorr    .         Harm     .   s - +2 pair of gloves of the Disturbing Nights {rPois rF+ Int+3}
MR       +++..                  f - +0 pair of boots "Bimod" {rPois Regen+}
Stlth    +.........             A - amulet "Hyrasukhla" {Reflect rPois Int-3 Dex+4 SH+6}
HPRegen  0.89/turn              z - ring of Liberty {rPois Str+4 Int+3}
MPRegen  0.34/turn              w - ring "Ditzur" {AC+3 Str+3 Dex+3}

@: no status effects
A: permanent stasis, dig shafts and tunnels, four strong arms, antennae 3
0: Orb of Zot
}: 17/17 runes: decaying, serpentine, barnacled, slimy, elven, silver, golden,
iron, obsidian, icy, bone, abyssal, glowing, magical, fiery, dark, gossamer
a: Dig, Heroism, Finesse, Renounce Religion


You escaped.
You worshipped Okawaru.
Okawaru was exalted by your worship.
You were not hungry.

You visited 1 branch You collected 1959 gold pieces.
You spent 363 gold pieces at shops.

Inventory:

Hand Weapons
 a - the +9 scythe of the Hawk {freeze, rF+ rC- MR+}
   (You bought it in a shop in the Dungeon)

   It has been specially enchanted to freeze those struck by it, causing extra
   injury to most foes and up to half again as much damage against particularly
   susceptible opponents.
   It can also slow down cold-blooded creatures.
   It protects you from fire.
   It makes you vulnerable to cold.
   It affects your resistance to hostile enchantments.
 t - the +1 demon trident "Ziabod" {vorpal, Str+8}
   (You found it in the Dungeon)

   It inflicts extra damage upon your enemies.
   It affects your strength (+8).
 D - a +9 executioner's axe of freezing (weapon)
Missiles
 c - 70 javelins
 d - 2 throwing nets
 g - 52 silver javelins (quivered)
Armour
 f - the +0 pair of boots "Bimod" (worn) {rPois Regen+}
   (Okawaru gifted it to you in the Dungeon)

   It protects you from poison.
   It increases your rate of regeneration.
 k - a +0 tower shield of positive energy (worn)
 s - the +2 pair of gloves of the Disturbing Nights (worn) {rPois rF+ Int+3}
   (Okawaru gifted it to you in the Dungeon)

   It affects your intelligence (+3).
   It protects you from fire.
   It protects you from poison.
 E - a +2 cloak of magic resistance (worn)
 G - +9 gold dragon scales (worn)
Jewellery
 w - the ring "Ditzur" (right hand) {AC+3 Str+3 Dex+3}
   (You found it in the Dungeon)

   [ring of protection]

   It affects your AC (+3).
   It affects your strength (+3).
   It affects your dexterity (+3).
 z - the ring of Liberty (left hand) {rPois Str+4 Int+3}
   (You found it in the Dungeon)

   [ring of intelligence]

   It affects your strength (+4).
   It affects your intelligence (+3).
   It protects you from poison.
 A - the amulet "Hyrasukhla" (around neck) {Reflect rPois Int-3 Dex+4 SH+6}
   (You found it in the Dungeon)

   [amulet of reflection]

   It shields you and reflects attacks.
   It affects your intelligence (-3).
   It affects your dexterity (+4).
   It protects you from poison.
   It affects your SH (+6).
 F - the ring "Nuf Jixzu" {rF+ MR+ Dex+4}
   (You found it in the Dungeon)

   [ring of protection from magic]

   It affects your dexterity (+4).
   It protects you from fire.
   It affects your resistance to hostile enchantments.
Wands
 o - a wand of iceblast (24)
 y - a wand of clouds (6)
Scrolls
 i - 2 scrolls of fog
 j - 3 scrolls of fear
 m - 7 scrolls of remove curse
 q - 2 scrolls of enchant weapon
 u - 3 scrolls of identify
Potions
 e - 8 potions of curing
 l - 2 potions of invisibility
 p - 2 potions of flight
 B - a potion of brilliance
 C - a potion of stabbing
Miscellaneous
 r - a tin of tremorstones
Comestibles
 v - 7 rations


   Skills:
 O Level 27 Fighting
 O Level 27 Axes
 O Level 27 Polearms
 O Level 27 Throwing
 O Level 27 Armour
 O Level 27 Dodging
 O Level 27 Stealth
 O Level 27 Shields
 O Level 27 Unarmed Combat
 O Level 27 Spellcasting
 O Level 27 Invocations
 O Level 27 Evocations


You had 78 spell levels left.
You didn't know any spells.
Your spell library contained the following spells:

 Spells                   Type           Power        Failure   Level  Hunger
 Corona                   Hex            ###....      7%          1    None
 Ensorcelled Hibernation  Hex/Ice        ###...       11%         2    None
 Confusing Touch          Hex            ###.....     21%         3    None
 Dazzling Flash           Conj/Hex       ###...       21%         3    None
 Tukima's Dance           Hex            ###.....     21%         3    None


Dungeon Overview and Level Annotations

Branches:
Dungeon (1/1)

Altars:
Cheibriados
Dithmenos
Elyvilon
Fedhas
Gozag
Hepliaklqana
Kikubaaqudgha
Makhleb
Nemelex Xobeh
Okawaru
Qazlal
Ru
Sif Muna
Trog
Uskayaw
Vehumet
Wu Jian
Xom
Yredelemnul
Zin
The Shining One
Beogh
Jiyva
Lugonu

Shops:
D !(%[


Innate Abilities, Weirdness & Mutations

You cannot be hasted, slowed, berserked, paralysed or teleported.
You can dig through walls and to a lower floor.
Your four strong arms can wield two-handed weapons with a shield.
You have a pair of large antennae on your head. (SInv)


Message History

There is a stormy altar of Qazlal here.
There is an iron altar of Okawaru here.
There is a sparkling altar of Nemelex Xobeh here.
There is a burning altar of Makhleb here.
There is a corrupted altar of Lugonu here.
There is an ancient bone altar of Kikubaaqudgha here.
There is a hazy altar of Hepliaklqana here.
There is an opulent altar of Gozag here.
There is a blossoming altar of Fedhas here.
There is a white marble altar of Elyvilon here.
There is a shadowy altar of Dithmenos here.
There is a snail-covered altar of Cheibriados here.
There is a roughly hewn altar of Beogh here.
There is an open door to the Temple here.
There is an open door here.
Things that are here:
a +0 club x3
There is an open door to the Dungeon here.
There is a staircase leading out of the dungeon here.
You have escaped!

.▓.▓.▓.▓.▓.▓.▓.▓.▓
.▓.▓.▓.▓.▓.▓'▓.▓.▓
.▓.▓.▓.▓.▓.▓.▓.▓.▓
.▓.▓.▓.▓.▓.▓.▓.▓)▓
.▓.▓.▓.▓.▓.▓.▓.▓'▓
.▓.▓.▓.▓.▓.▓.▓.▓.▓
.▓{▓.▓.▓.▓.▓.▓.▓.▓
.▓{▓.▓.▓.▓.▓.▓.▓.▓
...▓...▓...▓...▓@▓
▓▓▓▓▓▓▓▓▓▓▓▓▓▓▓▓▓▓


There were no monsters in sight!

Vanquished Creatures
  Cerebov (D)
  Antaeus (D)
  the Royal Jelly (D)
  Asmodeus (D)
  Ereshkigal (D)
  Mnoleg (D)
  Gloorx Vloq (D)
  Lom Lobon (D)
  Dispater (D)
  4 orbs of fire (D)
  7 ancient liches (D)
  6 greater mummies (D)
  Sojobo (D)
  5 pandemonium lords (D)
  Xtahua (D)
  Frederick (D)
  A curse toe (D)
  Geryon (D)
  6 golden dragons (D)
  A profane servitor (D)
  A Tzitzimitl (D)
  An electric golem (D)
  A lich (D)
  6 tentacled monstrosities (D)
  An Ice Fiend (D)
  34 Orb Guardians (D)
  3 deep elf blademasters (D)
  A quicksilver dragon (D)
  2 deep elf master archers (D)
  Gastronok (D)
  8 acid blobs (D)
  A death cob (D)
  An Executioner (D)
  3 tengu reavers (D)
  14 sphinxes (D)
  3 storm dragons (D)
  Frances (D)
  6 shadow dragons (D)
  Donald (D)
  A draconian monk (D)
  2 fire giants (D)
  An orc warlord (D)
  A daeva (D)
  8 azure jellies (D)
  4 nagarajas (D)
  3 draconian knights (D)
  3 frost giants (D)
  4 deep elf sorcerers (D)
  3 ghost moths (D)
  2 vault wardens (D)
  2 cacodemons (D)
  Louise (D)
  A balrug (D)
  A draconian shifter (D)
  3 emperor scorpions (D)
  4 very ugly things (D)
  3 draconian stormcallers (D)
  2 ironheart preservers (D)
  An entropy weaver (D)
  A reaper (D)
  A deep elf demonologist (D)
  4 stone giants (D)
  9 vampire knights (D)
  2 lorocyprocas (D)
  A deep elf annihilator (D)
  6 green draconians (D)
  Nessos (D)
  5 black draconians (D)
  2 purple draconians (D)
  A dire elephant (D)
  4 white draconians (D)
  A red draconian (D)
  A deep elf death mage (D)
  4 merfolk javelineers (D)
  5 blizzard demons (D)
  Snorg (D)
  An ettin (D)
  4 green deaths (D)
  3 merfolk impalers (D)
  9 death oozes (D)
  2 mummy priests (D)
  2 ogre magi (D)
  A yaktaur captain (D)
  3 great orbs of eyes (D)
  A fire dragon (D)
  A deep elf high priest (D)
  4 naga warriors (D)
  6 ice dragons (D)
  Erolcha (D)
  25 vault guards (D)
  A merfolk avatar (D)
  A catoblepas (D)
  9 hydras (D)
  7 merfolk aquamancers (D)
  3 centaur warriors (D)
  A shambling mangrove (D)
  An anaconda (shapeshifter) (D)
  An anaconda (D)
  A death knight (D)
  A two-headed ogre (D)
  An alligator (D)
  3 deep troll earth magi (D)
  9 orc high priests (D)
  A naga sharpshooter (D)
  Urug (D)
  Nergalle (D)
  A soul eater (D)
  A sun demon (D)
  A sixfirhy (D)
  A deep troll (D)
  A spriggan druid (D)
  A gelid demonspawn (D)
  2 shadow demons (D)
  2 starcursed masses (D)
  A glowing orange brain (D)
  A sea snake (D)
  5 swamp dragons (D)
  A torturous demonspawn (D)
  A wizard (D)
  2 necromancers (D)
  5 wolf spiders (D)
  2 ironbrand convokers (D)
  10 orc knights (D)
  A phantasmal warrior (D)
  An orb spider (D)
  A cyclops (D)
  2 ugly things (D)
  A manticore (D)
  A toenail golem (D)
  Maurice (D)
  14 moths of wrath (D)
  4 naga magi (D)
  7 elephants (D)
  6 vault sentinels (D)
  A water nymph (D)
  4 black mambas (D)
  A rust devil (D)
  2 guardian serpents (D)
  2 smoke demons (D)
  2 spiny frogs (D)
  4 orange demons (D)
  A komodo dragon (D)
  4 yaktaurs (D)
  5 red devils (D)
  5 ice devils (D)
  A freezing wraith (D)
  A tengu conjurer (D)
  2 tormentors (D)
  2 hellwings (D)
  3 demonic crawlers (D)
  An ancient zyme (D)
  A wandering mushroom (D)
  20 guardian mummies (D)
  2 trolls (shapeshifter) (D)
  2 jumping spiders (D)
  A troll (D)
  A tyrant leech (D)
  3 slime creatures (D)
  2 blink frogs (D)
  A hippogriff (D)
  5 hornets (D)
  3 snapping turtles (D)
  A flying skull (D)
  3 tarantellas (D)
  12 spriggans (D)
  A wyvern (D)
  A golden eye (shapeshifter) (D)
  A basilisk (D)
  3 golden eyes (D)
  2 vampire mosquitoes (D)
  A chaos spawn (D)
  2 nagas (D)
  A hungry ghost (D)
  A neqoxec (D)
  4 water moccasins (D)
  3 hell hounds (D)
  A swamp drake (D)
  A porcupine (D)
  4 large abominations (D)
  9 orc warriors (D)
  2 boggarts (D)
  A sky beast (D)
  An eye of draining (shapeshifter) (D)
  3 centaurs (D)
  2 crocodiles (D)
  2 bullfrogs (D)
  2 small abominations (D)
  An orc priest (D)
  2 hounds (D)
  6 orc wizards (D)
  3 worker ants (D)
  2 adders (D)
  5 ball lightnings (D)
  7 orcs (D)
  2 bats (D)
  A bat zombie (D)
  3 hobgoblins (D)
  A ball python (D)
  A giant cockroach zombie (D)
593 creatures vanquished.

Vanquished Creatures (others)
  2 deep elf master archers (D)
  Ilsuiw (D)
  An unseen horror (D)
4 creatures vanquished.

Grand Total: 597 creatures vanquished

Notes
Turn   | Place    | Note
-------+----------+-------------------------------------------
     0 | D        | Faca the Formicid Hunter began the quest for the Orb.
     0 | D        | Reached XP level 1. HP: 16/16 MP: 1/1
    24 | D        | Reached XP level 2. HP: 8/24 MP: 2/2
   230 | D        | Reached skill level 5 in Fighting
   230 | D        | Reached skill level 5 in Throwing
   230 | D        | Reached XP level 3. HP: 22/33 MP: 3/3
   239 | D        | Found a roughly hewn altar of Beogh.
   239 | D        | Found a snail-covered altar of Cheibriados.
   239 | D        | Found a shadowy altar of Dithmenos.
   239 | D        | Found a white marble altar of Elyvilon.
   239 | D        | Found a blossoming altar of Fedhas.
   239 | D        | Found an opulent altar of Gozag.
   240 | D        | Found a hazy altar of Hepliaklqana.
   241 | D        | Found a viscous altar of Jiyva.
   242 | D        | Found an ancient bone altar of Kikubaaqudgha.
   243 | D        | Found a corrupted altar of Lugonu.
   244 | D        | Found a burning altar of Makhleb.
   245 | D        | Found a sparkling altar of Nemelex Xobeh.
   246 | D        | Found an iron altar of Okawaru.
   247 | D        | Found a stormy altar of Qazlal.
   248 | D        | Found a sacrificial altar of Ru.
   249 | D        | Found a shimmering blue altar of Sif Muna.
   250 | D        | Found a bloodstained altar of Trog.
   251 | D        | Found a hide-covered altar of Uskayaw.
   252 | D        | Found a radiant altar of Vehumet.
   253 | D        | Found an ornate altar of the Wu Jian Council.
   254 | D        | Became a worshipper of Warmaster Okawaru
   411 | D        | Found a shimmering altar of Xom.
   412 | D        | Found a basalt altar of Yredelemnul.
   413 | D        | Found a glowing silver altar of Zin.
   414 | D        | Found a glowing golden altar of the Shining One.
   472 | D        | Noticed a centaur
   472 | D        | Noticed a centaur
   472 | D        | Noticed a centaur
   475 | D        | Killed a centaur
   475 | D        | Reached XP level 4. HP: 31/43 MP: 4/4
   475 | D        | Reached XP level 5. HP: 34/48 MP: 5/5
   480 | D        | Killed a centaur
   480 | D        | Reached skill level 5 in Axes
   480 | D        | Reached XP level 6. HP: 24/56 MP: 6/6
   483 | D        | Reached * piety under Okawaru
   706 | D        | Noticed a slime creature
   706 | D        | Noticed a hungry ghost
   706 | D        | Noticed a slime creature
   706 | D        | Noticed a sky beast
   713 | D        | Killed a slime creature
   713 | D        | Reached ** piety under Okawaru
   713 | D        | Reached skill level 10 in Fighting
   713 | D        | Reached skill level 10 in Throwing
   713 | D        | Reached XP level 7. HP: 65/66 MP: 7/7
   734 | D        | Killed a hungry ghost
   734 | D        | Reached XP level 8. HP: 66/75 MP: 8/8
   750 | D        | Killed a slime creature
   998 | D        | Noticed a komodo dragon
  1000 | D        | Noticed a blink frog
  1001 | D        | Reached skill level 1 in Armour
  1010 | D        | Reached *** piety under Okawaru
  1010 | D        | Noticed a spiny frog
  1020 | D        | Killed a komodo dragon
  1020 | D        | Received a gift from Okawaru
  1020 | D        | Reached skill level 10 in Axes
  1020 | D        | Reached XP level 9. HP: 9/82 MP: 9/9
  1021 | D        | HP: 2/82 [water moccasin (7)]
  1022 | D        | Reached skill level 5 in Armour
  1025 | D        | Killed a spiny frog
  1025 | D        | Reached **** piety under Okawaru
  1025 | D        | Received a gift from Okawaru
  1367 | D        | Killed a blink frog
  1376 | D        | Noticed a hippogriff
  1376 | D        | Noticed a catoblepas
  1376 | D        | Noticed a spiny frog
  1408 | D        | Killed a catoblepas
  1408 | D        | Reached XP level 10. HP: 75/92 MP: 7/10
  1408 | D        | Killed a spiny frog
  1409 | D        | Received a gift from Okawaru
  1518 | D        | Received a gift from Okawaru
  1815 | D        | Noticed a dire elephant
  1815 | D        | Noticed an elephant
  1815 | D        | Noticed an elephant
  1815 | D        | Noticed an elephant
  1815 | D        | Noticed an elephant
  1815 | D        | Noticed an elephant
  1815 | D        | Noticed an elephant
  1819 | D        | Killed an elephant
  1819 | D        | Reached ***** piety under Okawaru
  1820 | D        | Killed an elephant
  1820 | D        | Killed an elephant
  1821 | D        | Killed an elephant
  1821 | D        | Reached skill level 10 in Armour
  1821 | D        | Reached XP level 11. HP: 93/101 MP: 11/11
  1823 | D        | Killed an elephant
  1823 | D        | Received a gift from Okawaru
  1830 | D        | Killed a dire elephant
  1830 | D        | Reached skill level 15 in Fighting
  1834 | D        | Killed an elephant
  1844 | D        | Noticed an elephant
  2126 | D        | Killed an elephant
  2375 | D        | Noticed Maurice
  2381 | D        | Killed Maurice
  2381 | D        | Received a gift from Okawaru
  2393 | D        | Noticed Urug
  2401 | D        | Killed Urug
  2672 | D        | Noticed an orc knight
  2672 | D        | Noticed an orc high priest
  2672 | D        | Noticed an orc knight
  2679 | D        | Killed an orc high priest
  2679 | D        | Received a gift from Okawaru
  2679 | D        | Reached skill level 15 in Throwing
  2682 | D        | Killed an orc knight
  2682 | D        | Received a gift from Okawaru
  2682 | D        | Reached ****** piety under Okawaru
  2686 | D        | Killed an orc knight
  2686 | D        | Received a gift from Okawaru
  2949 | D        | Found Kycreite's Antique Armour Boutique.
  2949 | D        | Noticed an orc high priest
  2949 | D        | Noticed an orc high priest
  2949 | D        | Noticed an orc knight
  2949 | D        | Noticed an orc high priest
  2949 | D        | Noticed an orc high priest
  2950 | D        | Noticed an orc high priest
  2952 | D        | Killed an orc high priest
  2952 | D        | Reached skill level 1 in Invocations
  2952 | D        | Reached XP level 12. HP: 111/111 MP: 9/13
  2953 | D        | Killed an orc high priest
  2954 | D        | Killed an orc high priest
  2954 | D        | Killed an orc high priest
  2960 | D        | Killed an orc high priest
  2960 | D        | Received a gift from Okawaru
  2960 | D        | Reached skill level 5 in Dodging
  2971 | D        | Reached skill level 5 in Invocations
  2997 | D        | Found Caumufimm's Food Shop.
  3001 | D        | Found Fyar's Antique Weapon Boutique.
  3005 | D        | Found Mofabatt's Distillery.
  3012 | D        | Noticed an orc high priest
  3018 | D        | Killed an orc high priest
  3019 | D        | Bought a shiny buckler for 195 gold pieces
  3019 | D        | Noticed an orc high priest
  3023 | D        | Killed an orc high priest
  3023 | D        | Reached skill level 15 in Axes
  3025 | D        | Noticed an orc high priest
  3028 | D        | Killed an orc high priest
  3199 | D        | Noticed Erolcha
  3205 | D        | Killed Erolcha
  3205 | D        | Received a gift from Okawaru
  3205 | D        | Reached skill level 1 in Shields
  3226 | D        | Noticed Gastronok
  3233 | D        | Killed Gastronok
  3233 | D        | Received a gift from Okawaru
  3233 | D        | Reached XP level 13. HP: 120/120 MP: 15/18
  3347 | D        | Noticed a centaur warrior
  3347 | D        | Noticed a centaur warrior
  3352 | D        | Killed a centaur warrior
  3352 | D        | Received a gift from Okawaru
  3353 | D        | Killed a centaur warrior
  3359 | D        | Reached skill level 5 in Shields
  3364 | D        | Noticed a yaktaur captain
  3377 | D        | Killed a yaktaur captain
  3472 | D        | Noticed a centaur warrior
  3481 | D        | Noticed an entropy weaver
  3481 | D        | a satyr changed into an entropy weaver
  3485 | D        | Killed a centaur warrior
  3494 | D        | Noticed an ice dragon
  3494 | D        | an entropy weaver changed into an ice dragon
  3501 | D        | Noticed an entropy weaver
  3501 | D        | an ice dragon changed into an entropy weaver
  3504 | D        | an entropy weaver changed into a tyrant leech
  3505 | D        | Noticed an anaconda
  3505 | D        | a tyrant leech changed into an anaconda
  3513 | D        | Killed an anaconda
  3728 | D        | Noticed Nessos
  3738 | D        | Killed Nessos
  3826 | D        | Noticed an entropy weaver
  3829 | D        | Received a gift from Okawaru
  3829 | D        | Reached skill level 10 in Invocations
  3841 | D        | Reached skill level 15 in Armour
  3845 | D        | Killed an entropy weaver
  3950 | D        | Noticed a shambling mangrove
  3954 | D        | Killed a shambling mangrove
  3954 | D        | Reached XP level 14. HP: 130/130 MP: 18/21
  4714 | D        | Reached skill level 10 in Dodging
  4722 | D        | Reached skill level 10 in Shields
  4865 | D        | Received a gift from Okawaru
  4874 | D        | Got a pair of twisted boots {god gift}
  4880 | D        | Identified the +0 pair of boots "Bimod" {rPois Regen+}
                  | (Okawaru gifted it to you in the Dungeon)
  4989 | D        | Noticed Frances
  5006 | D        | Killed Frances
  5010 | D        | Noticed Nergalle
  5021 | D        | Killed Nergalle
  5102 | D        | Noticed a red very ugly thing
  5102 | D        | Noticed a stone giant
  5102 | D        | Noticed a frost giant
  5106 | D        | Killed a frost giant
  5107 | D        | Killed a stone giant
  5107 | D        | Noticed a frost giant
  5109 | D        | Killed a red very ugly thing
  5112 | D        | Killed a frost giant
  5117 | D        | Reached XP level 15. HP: 83/141 MP: 20/22
  5124 | D        | Noticed a brown very ugly thing
  5137 | D        | Killed a brown very ugly thing
  5241 | D        | Noticed a purple very ugly thing
  5256 | D        | Killed a purple very ugly thing
  5256 | D        | Received a gift from Okawaru
  5264 | D        | Got a faintly glowing plate armour {god gift}
  5275 | D        | Identified the +6 plate armour of the Lute {rPois Regen+
                  | Str-5 Stlth+} (Okawaru gifted it to you in the Dungeon)
  5294 | D        | Noticed a vault warden
  5294 | D        | Noticed a purple very ugly thing
  5299 | D        | Killed a vault warden
  5303 | D        | Killed a purple very ugly thing
  5304 | D        | Noticed a vault warden
  5304 | D        | Noticed an ironheart preserver
  5324 | D        | Killed an ironheart preserver
  5332 | D        | Killed a vault warden
  5366 | D        | Noticed a fire giant
  5368 | D        | Killed a fire giant
  5368 | D        | Reached skill level 15 in Shields
  5372 | D        | Received a gift from Okawaru
  5485 | D        | Noticed Snorg
  5496 | D        | Killed Snorg
  5602 | D        | Got the +1 demon trident "Ziabod" {vorpal, Str+8}
  5691 | D        | Noticed Louise
  5718 | D        | Killed Louise
  5718 | D        | Received a gift from Okawaru
  5817 | D        | Reached XP level 16. HP: 150/152 MP: 23/23
  5867 | D        | Got a decaying rune of Zot
  5875 | D        | Noticed a nagaraja
  5877 | D        | Noticed a nagaraja
  5880 | D        | Killed a nagaraja
  5881 | D        | Killed a nagaraja
  5882 | D        | Noticed a nagaraja
  5886 | D        | Noticed a nagaraja
  5896 | D        | Killed a nagaraja
  5907 | D        | Killed a nagaraja
  5943 | D        | Got a serpentine rune of Zot
  6033 | D        | Received a gift from Okawaru
  6055 | D        | Received a gift from Okawaru
  6073 | D        | Received a gift from Okawaru
  6092 | D        | Got a gossamer rune of Zot
  6194 | D        | Noticed Ilsuiw
  6199 | D        | Received a gift from Okawaru
  6204 | D        | Killed Ilsuiw
  6223 | D        | Received a gift from Okawaru
  6331 | D        | Got a barnacled rune of Zot
  6377 | D        | Noticed Frederick
  6392 | D        | Killed Frederick
  6392 | D        | Received a gift from Okawaru
  6392 | D        | Reached XP level 17. HP: 143/163 MP: 22/24
  6650 | D        | Noticed a golden dragon
  6657 | D        | Killed a golden dragon
  6657 | D        | Received a gift from Okawaru
  6658 | D        | Received a gift from Okawaru
  6666 | D        | Noticed a sphinx
  6668 | D        | Noticed a shadow dragon
  6671 | D        | Killed a sphinx
  6671 | D        | Received a gift from Okawaru
  6672 | D        | Killed a shadow dragon
  6679 | D        | Noticed a shadow dragon
  6690 | D        | Killed a shadow dragon
  6692 | D        | Received a gift from Okawaru
  6744 | D        | Noticed a shadow dragon
  6744 | D        | Noticed a quicksilver dragon
  6744 | D        | Noticed a tentacled monstrosity
  6744 | D        | Noticed a shadow dragon
  6748 | D        | Noticed a shadow dragon
  6750 | D        | Killed a tentacled monstrosity
  6750 | D        | Killed a shadow dragon
  6750 | D        | Reached XP level 18. HP: 160/175 MP: 22/25
  6756 | D        | Killed a quicksilver dragon
  6783 | D        | Got a silver rune of Zot
  6815 | D        | Noticed Xtahua
  6822 | D        | Killed Xtahua
  6822 | D        | Received a gift from Okawaru
  6848 | D        | Noticed Donald
  6857 | D        | Killed Donald
  6894 | D        | Got the ring "Ditzur" {AC+3 Str+3 Dex+3}
  6899 | D        | Got the ring of Liberty {rPois Str+4 Int+3}
  6901 | D        | Got the amulet "Hyrasukhla" {Reflect rPois Int-3 Dex+4
                  | SH+6}
  6904 | D        | Got the ring "Nuf Jixzu" {rF+ MR+ Dex+4}
  6906 | D        | Got the ring "Negi Sawk" {Wiz Stlth+}
  6912 | D        | Found the +6 arbalest "Damnation" {damnation}
  6923 | D        | Got the +5 battleaxe of the Orcish Mines {speed, rN+ Int+3}
  7002 | D        | Noticed Sojobo
  7021 | D        | Killed Sojobo
  7021 | D        | Received a gift from Okawaru
  7140 | D        | Received a gift from Okawaru
  7171 | D        | Received a gift from Okawaru
  7171 | D        | Noticed a golden dragon
  7186 | D        | Killed a golden dragon
  7186 | D        | Received a gift from Okawaru
  7255 | D        | Noticed a golden dragon
  7258 | D        | Reached XP level 19. HP: 188/188 MP: 23/26
  7263 | D        | Killed a golden dragon
  7263 | D        | Received a gift from Okawaru
  7263 | D        | Reached skill level 27 in Fighting
  7299 | D        | Noticed a tentacled monstrosity
  7305 | D        | Noticed an orb of fire
  7313 | D        | Killed a tentacled monstrosity
  7315 | D        | Killed an orb of fire
  7315 | D        | Received a gift from Okawaru
  7329 | D        | Noticed a curse toe
  7333 | D        | Received a gift from Okawaru
  7333 | D        | Killed a curse toe
  7333 | D        | Received a gift from Okawaru
  7344 | D        | Noticed a tentacled monstrosity
  7350 | D        | Killed a tentacled monstrosity
  7368 | D        | Noticed a tentacled monstrosity
  7373 | D        | Killed a tentacled monstrosity
  7375 | D        | Noticed a golden dragon
  7390 | D        | Killed a golden dragon
  7575 | D        | Noticed an Orb Guardian
  7575 | D        | Noticed an Orb Guardian
  7575 | D        | Noticed an Orb Guardian
  7575 | D        | Noticed an Orb Guardian
  7575 | D        | Noticed an Orb Guardian
  7575 | D        | Noticed an Orb Guardian
  7577 | D        | Noticed an Orb Guardian
  7579 | D        | Killed an Orb Guardian
  7579 | D        | Reached skill level 27 in Armour
  7584 | D        | Killed an Orb Guardian
  7584 | D        | Received a gift from Okawaru
  7584 | D        | Reached skill level 15 in Invocations
  7585 | D        | Killed an Orb Guardian
  7587 | D        | Killed an Orb Guardian
  7587 | D        | Reached XP level 20. HP: 188/197 MP: 31/31
  7591 | D        | Reached skill level 27 in Shields
  7599 | D        | Reached skill level 27 in Throwing
  7602 | D        | Got a pair of brightly glowing gloves {god gift}
  7613 | D        | Identified the +2 pair of gloves of the Disturbing Nights
                  | {rPois rF+ Int+3} (Okawaru gifted it to you in the Dungeon)
  7629 | D        | Reached skill level 15 in Dodging
  7639 | D        | Noticed a tentacled monstrosity
  7639 | D        | Noticed a tentacled monstrosity
  7643 | D        | Reached skill level 27 in Axes
  7645 | D        | Killed a tentacled monstrosity
  7649 | D        | Killed a tentacled monstrosity
  7669 | D        | Noticed an ancient lich
  7679 | D        | Killed an ancient lich
  7715 | D        | Noticed an orb of fire
  7724 | D        | Killed an orb of fire
  7728 | D        | Noticed an electric golem
  7735 | D        | Killed an electric golem
  7735 | D        | Received a gift from Okawaru
  7741 | D        | Noticed an ancient lich
  7744 | D        | Noticed an ancient lich
  7746 | D        | Killed an ancient lich
  7746 | D        | Killed an ancient lich
  7746 | D        | Noticed an orb of fire
  7747 | D        | Reached XP level 21. HP: 163/204 MP: 30/37
  7748 | D        | Received a gift from Okawaru
  7752 | D        | Killed an orb of fire
  7752 | D        | Noticed an ancient lich
  7759 | D        | Killed an ancient lich
  7769 | D        | Noticed an ancient lich
  7778 | D        | Noticed a golden dragon
  7784 | D        | Killed an ancient lich
  7784 | D        | Reached skill level 27 in Invocations
  7790 | D        | Killed a golden dragon
  7801 | D        | Noticed a golden dragon
  7802 | D        | Noticed an orb of fire
  7810 | D        | Killed an orb of fire
  7812 | D        | Killed a golden dragon
  7863 | D        | Received a gift from Okawaru
  7884 | D        | Reached skill level 27 in Dodging
  7917 | D        | Reached skill level 15 in Stealth
  8091 | D        | Noticed an ancient lich
  8091 | D        | Noticed an ancient lich
  8091 | D        | Noticed a lich
  8094 | D        | Killed a lich
  8094 | D        | Killed an ancient lich
  8094 | D        | Reached XP level 22. HP: 212/212 MP: 33/39
  8098 | D        | Killed an ancient lich
  8122 | D        | Received a gift from Okawaru
  8219 | D        | Reached skill level 27 in Stealth
  8222 | D        | Reached skill level 5 in Unarmed Combat
  8222 | D        | Reached skill level 5 in Evocations
  8224 | D        | Reached skill level 5 in Spellcasting
  8234 | D        | Received a gift from Okawaru
  8249 | D        | Reached skill level 10 in Evocations
  8255 | D        | Reached skill level 10 in Unarmed Combat
  8255 | D        | Reached skill level 10 in Spellcasting
  8289 | D        | Got an elven rune of Zot
  8323 | D        | Noticed the Royal Jelly
  8330 | D        | Killed the Royal Jelly
  8330 | D        | Received a gift from Okawaru
  8330 | D        | Reached skill level 15 in Evocations
  8348 | D        | Received a gift from Okawaru
  8352 | D        | Reached skill level 15 in Unarmed Combat
  8352 | D        | Reached skill level 15 in Spellcasting
  8363 | D        | Received a gift from Okawaru
  8415 | D        | Got a slimy rune of Zot
  8623 | D        | Reached XP level 23. HP: 219/219 MP: 42/42
  8770 | D        | HP: 4/218 [something (33)]
  8951 | D        | Noticed a greater mummy
  8951 | D        | Noticed a greater mummy
  8951 | D        | Noticed a greater mummy
  8951 | D        | Noticed a greater mummy
  8953 | D        | Noticed a greater mummy
  8957 | D        | Killed a greater mummy
  8958 | D        | Killed a greater mummy
  8959 | D        | Killed a greater mummy
  8959 | D        | Received a gift from Okawaru
  8962 | D        | Noticed a greater mummy
  8965 | D        | Killed a greater mummy
  8967 | D        | Killed a greater mummy
  8970 | D        | Killed a greater mummy
  8970 | D        | HP: 5/213 [something (18)]
  9214 | D        | Got a golden rune of Zot
  9241 | D        | Got an abyssal rune of Zot
  9365 | D        | Noticed Geryon
  9379 | D        | Killed Geryon
  9381 | D        | Noticed Gloorx Vloq
  9381 | D        | Noticed Mnoleg
  9385 | D        | Identified the +4 staff of Dispater
  9385 | D        | Noticed Dispater
  9393 | D        | Killed Gloorx Vloq
  9394 | D        | Noticed Lom Lobon
  9399 | D        | Killed Dispater
  9409 | D        | Killed Lom Lobon
  9409 | D        | Received a gift from Okawaru
  9409 | D        | Reached XP level 24. HP: 80/224 MP: 46/50
  9410 | D        | Killed Mnoleg
  9410 | D        | Received a gift from Okawaru
  9411 | D        | Got a fine broad axe {god gift}
  9416 | D        | Identified the +6 sword of Cerebov {flame}
  9416 | D        | Noticed Cerebov
  9472 | D        | Identified the +2 broad axe of the Vanishing Friends
                  | {vorpal, Str+3} (Okawaru gifted it to you in the Dungeon)
  9514 | D        | Identified the +7 sceptre of Asmodeus
  9514 | D        | Noticed Asmodeus
  9519 | D        | Noticed Ereshkigal
  9533 | D        | Killed Cerebov
  9537 | D        | Killed Asmodeus
  9537 | D        | Received a gift from Okawaru
  9537 | D        | Reached skill level 27 in Evocations
  9541 | D        | Killed Ereshkigal
  9541 | D        | Received a gift from Okawaru
  9541 | D        | Received a gift from Okawaru
  9791 | D        | Got a glowing rune of Zot
  9795 | D        | Got a dark rune of Zot
  9800 | D        | Got an iron rune of Zot
  9804 | D        | Got a magical rune of Zot
  9808 | D        | Got a fiery rune of Zot
  9810 | D        | Noticed Antaeus
  9834 | D        | Killed Antaeus
  9834 | D        | Reached skill level 27 in Unarmed Combat
  9834 | D        | Reached skill level 27 in Spellcasting
  9836 | D        | Got an obsidian rune of Zot
  9840 | D        | Got a bone rune of Zot
  9844 | D        | Got an icy rune of Zot
 10304 | D        | Got the Orb of Zot
 10513 | D        | Noticed Poodil the pandemonium lord
 10518 | D        | Killed Poodil the pandemonium lord
 10518 | D        | Received a gift from Okawaru
 10519 | D        | Found the +8 orange crystal plate armour {Archmagi, Int+3
                  | Clar}
 10863 | D        | Noticed Mewi Dae the pandemonium lord
 10871 | D        | Reached skill level 15 in Polearms
 10876 | D        | Killed Mewi Dae the pandemonium lord
 11246 | D        | Reached XP level 25. HP: 218/234 MP: 54/54
 11864 | D        | Bought a slimy scythe for 168 gold pieces
 11864 | D        | Identified the +9 scythe of the Hawk {freeze, rF+ rC- MR+}
                  | (You bought it in a shop in the Dungeon)
 11871 | D        | Noticed Dias the pandemonium lord
 11874 | D        | Noticed Vaug Til the pandemonium lord
 11875 | D        | Killed Dias the pandemonium lord
 11879 | D        | Killed Vaug Til the pandemonium lord
 11879 | D        | Received a gift from Okawaru
 12093 | D        | Reached skill level 27 in Polearms
 12203 | D        | Received a gift from Okawaru
 12324 | D        | Noticed Meam the pandemonium lord
 12335 | D        | Killed Meam the pandemonium lord
 12384 | D        | Escaped with the Orb!

Levels and vault maps discovered:
D:        linesprint [early_d, line_temple, items_1, d_10, items_2, lair_1,
          lair_end, items_3, orc_1, orc_end, items_4, d_15, swamp_1, shoals_1,
          snake_1, spider_1, d_20, vaults_1, items_5, swamp_end, shoals_end,
          snake_end, spider_end, vaults_end, d_27, items_6, zot_1, zot_end,
          crypt_end, forest_end, elf_end, slime_end, tomb_end, abyss_end,
          pan_hell_end]

Skill      XL: |  1  2  3  4  5  6  7  8  9 10 11 12 13 14 15 16 17 18 19 20 21 22 23 24 25 |
---------------+----------------------------------------------------------------------------+-----
Fighting       | 3 5 7 8 10 11 12 13 14 16 17 18 19 21 23 24 26 27 | 27.0
Throwing       | 5 7 8 10 11 12 13 15 16 17 18 20 21 23 25 26 27 | 27.0
Axes           | 3 5 7 8 10 11 12 14 15 16 17 19 21 22 24 26 27 | 27.0
Armour         | 4 7 10 12 13 15 17 19 21 23 25 27 | 27.0
Dodging        | 4 7 9 10 13 21 27 | 27.0
Invocations    | 1 7 10 15 25 27 | 27.0
Shields        | 3 8 12 16 19 22 24 26 27 | 27.0
Stealth        | 21 27 | 27.0
Unarmed Combat | 15 23 27 | 27.0
Spellcasting   | 15 23 27 | 27.0
Evocations     | 17 25 27 | 27.0
Polearms       | 19 27 | 27.0

Action                   |  1- 3 |  4- 6 |  7- 9 | 10-12 | 13-15 | 16-18 | 19-21 | 22-24 | 25-27 || total
-------------------------+-------+-------+-------+-------+-------+-------+-------+-------+-------++-------
Melee: Short sword       |    21 |       |       |       |       |       |       |       |       ||    21
       Rapier            |     2 |    22 |    34 |       |       |       |       |       |       ||    58
       Broad axe         |       |       |    22 |   106 |       |       |       |       |       ||   128
       Battleaxe         |       |       |       |       |   210 |   196 |       |       |       ||   406
       Demon trident     |       |       |       |       |    25 |    24 |       |    30 |       ||    79
       Executioner's axe |       |       |       |       |       |    94 |   199 |   217 |   130 ||   640
Throw: Javelin           |     4 |       |     9 |    21 |    89 |    87 |    64 |   152 |    14 ||   440
       Boomerang         |       |       |       |    49 |       |       |       |       |       ||    49
       Throwing net      |       |       |       |       |     1 |       |       |       |       ||     1
Invok: Heroism           |       |       |     1 |     5 |     8 |    13 |     4 |     3 |       ||    34
       Finesse           |       |       |       |       |       |       |     3 |     5 |       ||     8
  Use: Potion            |       |       |     5 |     4 |       |       |       |    15 |       ||    24
       Scroll            |       |       |       |       |     6 |    10 |       |     3 |     1 ||    20
  Eat: Chunk             |       |       |     2 |     4 |     8 |     2 |     2 |     5 |       ||    23
       Ration            |       |       |     1 |       |       |     1 |       |     2 |     1 ||     5
Armor: Leather armour    |     7 |       |       |       |       |       |       |       |       ||     7
       Scale mail        |       |    10 |    10 |    17 |       |       |       |       |       ||    37
       Plate armour      |       |       |       |     7 |       |       |       |       |       ||     7
       Crystal plate arm |       |       |       |       |   127 |       |       |       |       ||   127
       Gold dragon scale |       |       |       |       |    10 |    89 |    27 |    37 |    22 ||   185
Dodge: Dodged            |    18 |    11 |    36 |    47 |    77 |    63 |    29 |    38 |    23 ||   342
Block: Buckler           |       |       |       |       |    44 |       |       |       |       ||    44
       Tower shield      |       |       |       |       |    15 |   213 |   137 |   227 |    91 ||   683
       Kite shield       |       |       |       |       |    15 |       |       |       |       ||    15
       Reflection        |       |       |       |       |       |       |     2 |     8 |     1 ||    11

Table legend:
 A = Non-vault XP
 B = Vault XP
 C = Vault XP percentage of total XP
 D = Non-vault monster count
 E = Vault monster count
 F = Vault count percentage of total count
                 A         B        C        D         E       F
            +---------+---------+-------+---------+---------+-------
      Total |    1515 |  776054 |  99.8 |       9 |     511 |  98.3
            +---------+---------+-------+---------+---------+-------
          D |    1515 |  776054 |  99.8 |       9 |     511 |  98.3
            +---------+---------+-------+---------+---------+-------
